 Dungeon Crawl Stone Soup version 0.28-a0-1235-g7c8fac35f0 (webtiles) character file.

Game seed: 9124615211908566001

3634 r3xj the Basher (level 9, -4/85 HPs)
             Began as a Minotaur Fighter on Dec 24, 2021.
             Was a Priest of Okawaru.
             Killed by vampiric draining
             ... invoked by a vampire
              (17 damage)
             ... on level 8 of the Dungeon.
             The game lasted 00:14:45 (10911 turns).

r3xj the Basher (Minotaur Fighter)                 Turns: 10911, Time: 00:14:45

Health: -4/85      AC:  8    Str: 25    XL:     9   Next: 87%
Magic:  8/8        EV: 10    Int:  5    God:    Okawaru [***...]
Gold:   506        SH:  5    Dex: 16    Spells: 8/8 levels left

rFire   . . .      SeeInvis .   a - +0 flail
rCold   . . .      Faith    .   c - +0 buckler
rNeg    . . .      Spirit   .   B - +0 scale mail {Will+}
rPois   +          Reflect  .   (helmet restricted)
rElec   .          Harm     .   (no cloak)
rCorr   .          Rampage  .   (no gloves)
Will    +....                   (no boots)
Stlth   ..........              (no amulet)
HPRegen 0.24/turn               l - +6 ring of dexterity
MPRegen 0.11/turn               y - ring of poison resistance

@: no status effects
A: horns 2, retaliatory headbutt
a: Renounce Religion, Heroism


You were on level 8 of the Dungeon.
You worshipped Okawaru.
Okawaru was most pleased with you.
You visited 2 branches of the dungeon, and saw 9 of its levels.

You collected 506 gold pieces.

Inventory:

Hand Weapons
 a - a +0 flail (weapon)
Missiles
 h - 2 throwing nets
 w - 3 poisoned darts (quivered)
Armour
 b - a +0 scale mail
 c - a +0 buckler (worn)
 A - a +0 kite shield
 B - a +0 scale mail of willpower (worn)
Jewellery
 l - a +6 ring of dexterity (left hand)
 y - a ring of poison resistance (right hand)
Scrolls
 e - 2 scrolls of fear {unknown}
 f - 2 scrolls of enchant armour {unknown}
 g - 6 scrolls of identify {unknown}
 i - a scroll of noise {unknown}
 j - 4 scrolls of immolation {unknown}
 k - 3 scrolls of enchant weapon {unknown}
 m - 3 scrolls of vulnerability {unknown}
 n - 2 scrolls of blinking {unknown}
 o - a scroll of summoning {unknown}
 q - 4 scrolls of teleportation {unknown}
 r - 2 scrolls of torment {unknown}
 s - 3 scrolls of magic mapping {unknown}
Potions
 d - a potion of might
 p - 2 potions of magic {unknown}
 t - 2 potions of curing {unknown}
 u - a potion of brilliance {unknown}
 v - 2 potions of berserk rage {unknown}
 x - a potion of degeneration {unknown}
 z - a potion of lignification {unknown}
 C - 2 potions of heal wounds {unknown}


   Skills:
 + Level 9.9 Fighting
 * Level 10.3 Maces & Flails
 - Level 10.0 Armour
 + Level 5.5 Shields


You had 8 spell levels left.
You didn't know any spells.
Your spell library contained the following spells:

 Spells                   Type           Power      Damage    Failure   Level
 Beastly Appendage        Tmut           0%         N/A       73%         1
 Slow                     Hex            0%         N/A       73%         1
 Blink                    Tloc           0%         N/A       86%         2
 Wereblood                Tmut           0%         N/A       86%         2
 Confusing Touch          Hex            0%         N/A       97%         3
 Lesser Beckoning         Tloc           0%         N/A       97%         3
 Portal Projectile        Hex/Tloc       0%         N/A       97%         3
 Spider Form              Tmut/Pois      0%         N/A       97%         3
 Vampiric Draining        Necr           0%         2d6       97%         3
 Leda's Liquefaction      Hex/Erth       0%         N/A       100%        4
 Manifold Assault         Tloc           0%         N/A       100%        5
 Call Canine Familiar     Summ           Unusable   N/A       N/A         3

Dungeon Overview and Level Annotations

Branches:
Dungeon (8/15)             Temple (1/1) D:4
   Lair: D:8-11

Altars:
Ashenzari
Cheibriados
Dithmenos
Elyvilon
Fedhas
Gozag
Hepliaklqana
Kikubaaqudgha
Makhleb
Nemelex Xobeh
Okawaru
Qazlal
Ru
Sif Muna
Trog
Uskayaw
Wu Jian
Xom
Yredelemnul
Zin
The Shining One

Annotations:
D:6 1 exclusion


Innate Abilities, Weirdness & Mutations

You have a pair of horns on your head.
You reflexively headbutt those who attack you in melee.


Message History

No target in view!
There is a strange disturbance nearby!
No target in view!
There is a strange disturbance nearby!
No target in view!
There is a strange disturbance nearby!
No target in view!
There is a strange disturbance nearby!
No target in view!
There is a strange disturbance nearby!
No target in view!
There is a strange disturbance nearby!
No target in view!
There is a strange disturbance nearby!
No target in view!
There is a strange disturbance nearby!
No target in view!
You hit something but do no damage. Your headbutt misses something.
You hit something. You headbutt something. Something hits you.
Something bites you but does no damage.
You barely miss something. You headbutt something. Something hits you.
Something bites you but does no damage.
You miss something. You headbutt something. You block something's attack.
Something bites you!
Something draws strength from your injuries!
You closely miss something. Something hits you!
Something bites you but does no damage.
You miss something. You headbutt something! Something hits you!
* * * LOW HITPOINT WARNING * * *
Something bites you.
* * * LOW HITPOINT WARNING * * *
Something draws strength from your injuries!
You hit something but do no damage. You block something's attack.
Something bites you but does no damage.
You hit something. You headbutt something.
Something hits you but does no damage. Something bites you.
* * * LOW HITPOINT WARNING * * *
Something draws strength from your injuries!
You hit something. Something draws life force from you!
You die...

## #⌠## #...##
############ #.....#
...........## ##.......
##..........####....#
#............'.@{.#
#..(.........##....#
#.............##.......
##.............###.....#
#...............###...##
#.................##⌠##
#...............#..###
#..............#..##
###............#..#


There were no monsters in sight!

Vanquished Creatures
  Maggie (D:7)
  The ghost of awesomeguy42 the Ducker, an amateur TrMo (D:6)
  A steam dragon (D:7)
  An acid dragon (D:6)
  A water moccasin (D:5)
  3 ice beasts
  4 sky beasts
  3 necrophages
  4 ogres
  2 centaurs
  A bullfrog (D:7)
  4 scorpions
  A water moccasin zombie (D:6)
  A water moccasin skeleton (D:5)
  A wight (D:7)
  2 centaur zombies (D:6)
  A bullfrog skeleton (D:6)
  6 hounds
  2 gnoll shamans
  An orc priest (D:7)
  2 centaur skeletons
  4 jellies
  4 iguanas
  A scorpion zombie (D:5)
  A killer bee zombie (D:7)
  A hound skeleton (D:4)
  A howler monkey zombie (D:6)
  4 howler monkey skeletons
  5 gnolls
  7 adders
  4 shadow imps
  An ufetubus (D:5)
  An adder skeleton (D:4)
  A worm (D:4)
  3 dart slugs
  4 orcs
  3 ball pythons
  3 bats
  4 endoplasms
  4 giant cockroaches
  10 goblins
  10 hobgoblins
  2 jackals (D:4)
  3 quokkas
  3 frilled lizards (D:1)
  11 kobolds
  6 rats
144 creatures vanquished.

Vanquished Creatures (others)
  3 plants (D:6)
3 creatures vanquished.

Grand Total: 147 creatures vanquished

Notes
Turn   | Place    | Note
-------+----------+-------------------------------------------
     0 | D:1      | r3xj the Minotaur Fighter began the quest for the Orb.
     0 | D:1      | Reached XP level 1. HP: 19/19 MP: 0/0
    40 | D:1      | Reached XP level 2. HP: 23/27 MP: 1/1
   178 | D:1      | Found a faded altar of an unknown god.
   504 | D:1      | Reached XP level 3. HP: 26/33 MP: 2/2
  1413 | D:3      | Reached XP level 4. HP: 41/41 MP: 3/3
  2155 | D:4      | Noticed a sky beast
  2165 | D:4      | Reached XP level 5. HP: 37/47 MP: 4/4
  2169 | D:4      | Killed a sky beast
  2170 | D:4      | Reached skill level 5 in Fighting
  2170 | D:4      | Reached skill level 5 in Armour
  2199 | D:4      | Noticed an ogre
  2214 | D:3      | Reached XP level 6. HP: 4/56 MP: 5/5
  2786 | D:3      | Reached skill level 5 in Maces & Flails
  4703 | D:4      | Found a staircase to the Ecumenical Temple.
  4776 | Temple   | Entered the Ecumenical Temple
  5137 | Temple   | Became a worshipper of Warmaster Okawaru
  5163 | D:4      | Reached XP level 7. HP: 44/63 MP: 6/6
  5355 | D:5      | Entered Level 5 of the Dungeon
  5434 | D:5      | Reached * piety under Okawaru
  5848 | D:5      | Reached XP level 8. HP: 54/73 MP: 7/7
  6397 | D:5      | Reached ** piety under Okawaru
  7221 | D:6      | Found a runed translucent gate.
  7222 | D:6      | Found a runed translucent gate.
  7222 | D:6      | Found a runed translucent gate.
  7224 | D:6      | Noticed awesomeguy42's ghost (amateur TrMo)
  7901 | D:6      | Reached XP level 9. HP: 9/82 MP: 8/8
  8387 | D:6      | HP: 1/82 [electric eel/bolt of electricity (10)]
  9423 | D:6      | Killed awesomeguy42's ghost
  9696 | D:7      | Reached *** piety under Okawaru
  9705 | D:7      | Noticed Maggie
 10014 | D:7      | Killed Maggie
 10015 | D:7      | Reached skill level 5 in Shields
 10025 | D:7      | Reached skill level 10 in Maces & Flails
 10091 | D:7      | Found a glowing silver altar of Zin.
 10242 | D:7      | Found a flagged portal.
 10390 | D:7      | Reached skill level 10 in Armour
 10911 | D:8      | Killed from afar by a vampire

Illustrated notes

Levels and vault maps discovered:
D:1:      roderic_dead_forest, layout_basic, shapermc_ecumenical_altar_ellora
D:2:      layout_rooms, serial_rivers, chequers_serial_rivers_micro_d,
          chequers_serial_rivers_micro_d, chequers_serial_rivers_small_a,
          chequers_serial_rivers_micro_c
D:3:      layout_loops_ring
D:4:      layout_rooms, minmay_temple_entry_ruins
D:5:      kb_forest_paths, layout_basic, kennysheep_small_square
D:6:      cheibrodos_two_vegetables, layout_basic, gammafunk_ghost_necromancy
D:7:      layout_basic, enter_bailey_3, minmay_ruined_shrine, uniq_maggie
D:8:      gammafunk_indiana_jones, layout_cave_pods, dpeg_oklobed_lair,
          nzn_life_drinkers
Temple:   mainiacjoe_temple_circle_huts

Skill      XL: |  1  2  3  4  5  6  7  8  9 |
---------------+----------------------------+-----
Armour         | 4 5 6 7 8 10 | 10.0
Fighting       | 4 5 6 7 8 9 |  9.9
Shields        | 4 5 |  5.5
Maces & Flails | 3 4 5 6 8 10 | 10.3

Action                   |  1- 3 |  4- 6 |  7- 9 || total
-------------------------+-------+-------+-------++-------
Melee: Flail             |    92 |    82 |   263 ||   437
       Headbutt          |    10 |    20 |    87 ||   117
Throw: Dart              |       |       |    11 ||    11
Invok: Heroism           |       |       |     1 ||     1
Armor: Scale mail        |    43 |    27 |    98 ||   168
Dodge: Dodged            |    41 |    37 |   120 ||   198
Block: Buckler           |    21 |    23 |    62 ||   106

Table legend: (Time is in decaauts)
 A = Elapsed time spent in this place.
 B = Non-inter-level travel time spent in this place.
 C = Inter-level travel time spent in this place.
 D = Time resting spent in this place.
 E = Time spent auto-exploring this place.
 F = Levels seen in this place.
 G = Mean time per level.
                   A        B        C        D        E       F      G
               +--------+--------+--------+--------+--------+-----+--------+
         Total |  10973 |  10599 |    374 |   1947 |   7248 |   9 | 1219.2 |
       Dungeon |  10594 |  10279 |    315 |   1947 |   6951 |   8 | 1324.2 |
        Temple |    378 |    319 |     59 |      0 |    297 |   1 |  378.0 |
               +--------+--------+--------+--------+--------+-----+--------+

Top non-repeatable levels by time:
     D:6: 2853 daAuts
     D:3: 2691 daAuts
     D:5: 1377 daAuts
     D:7: 1253 daAuts
     D:1: 1060 daAuts
     D:4: 664 daAuts
     D:2: 601 daAuts
  Temple: 378 daAuts
     D:8: 92 daAuts
